 Dungeon Crawl Stone Soup version 0.28-a0-948-gee6e0bcda6 (webtiles) character file.

Game seed: 18304589512137701639

397 BinkBink the Cutter (level 6, -15/48 HPs)
             Began as a Mummy Monk on Nov 30, 2021.
             Demolished by Pikel (18 damage)
             ... on level 5 of the Dungeon.
             The game lasted 00:08:53 (4725 turns).

BinkBink the Cutter (Mummy Monk)                    Turns: 4725, Time: 00:08:55

Health: -15/48     AC:  8    Str: 14    XL:     6   Next: 53%
Magic:  8/8        EV: 14    Int: 11    God:
Gold:   198        SH:  0    Dex: 21    Spells: 8/8 levels left

rFire   x . .      SeeInvis .   r - +2 short sword (vamp)
rCold   + . .      Faith    +   (no shield)
rNeg    + + +      Spirit   .   b - +0 robe
rPois   ∞          Reflect  .   (no helmet)
rElec   .          Harm     .   (no cloak)
rCorr   .          Rampage  .   h - +0 pair of gloves
Will    .....                   e - +0 pair of boots
Stlth   ++........              q - amulet of faith
HPRegen 0.16/turn               f - +4 ring of protection
MPRegen 0.11/turn               m - +6 ring of dexterity

@: about to teleport
A: cold resistance 1, negative energy resistance 3, torment resistance 2, heat
vulnerability 1, no potions
a: no special abilities


You were on level 5 of the Dungeon.
You visited 1 branch of the dungeon, and saw 5 of its levels.

You collected 198 gold pieces.

Inventory:

Hand Weapons
 a - a +0 short sword
 r - a +2 vampiric short sword (weapon)
Armour
 b - a +0 robe (worn)
 e - a +0 pair of boots (worn)
 h - a +0 pair of gloves (worn)
Jewellery
 f - a +4 ring of protection (left hand)
 m - a +6 ring of dexterity (right hand)
 q - an amulet of faith (around neck)
Wands
 p - a wand of polymorph (1)
 s - a wand of mindburst (10)
Scrolls
 i - a scroll of noise {unknown}
 j - a scroll of immolation {unknown}
 k - a scroll of identify
 l - a scroll of enchant weapon {unknown}
 n - a scroll of enchant armour {unknown}
 o - a scroll of blinking {unknown}
 t - a scroll of magic mapping


   Skills:
 + Level 3.9 Fighting
 + Level 4.2 Short Blades
 * Level 2.1 Armour
 + Level 3.5 Dodging
 - Level 1.5 Stealth
 * Level 1.8 Spellcasting


You had 8 spell levels left.
You didn't know any spells.
Your spell library contained the following spells:

 Spells                   Type           Power      Damage    Failure   Level
 Ozocubu's Armour         Ice            1%         N/A       65%         3
 Metabolic Englaciation   Hex/Ice        0%         N/A       100%        5
 Simulacrum               Ice/Necr       0%         N/A       100%        6
 Chain Lightning          Conj/Air       0%         2d1       100%        9
 Fire Storm               Conj/Fire      0%         6d1       100%        9
 Shatter                  Erth           0%         3d5*      100%        9


Dungeon Overview and Level Annotations

Branches:
Dungeon (5/15)
 Temple: D:4-7

Altars:
Ashenzari
Dithmenos
Fedhas
Yredelemnul

Annotations:
D:5 2 runed translucent doors, Edmund; Pikel; paps's ghost, amateur OpDe


Innate Abilities, Weirdness & Mutations

You are immune to poison.
Your flesh is cold resistant. (rC+)
You are immune to negative energy. (rN+++)
You are immune to unholy pain and torment.
You are vulnerable to heat. (rF-)
You do not drink.


Message History

Pikel hits you with a +1 whip of electrocution.
You hit the lemure.
The lemure is moderately wounded.
The lemure hits you but does no damage.
You closely miss the lemure.
The lemure is moderately wounded.
Pikel says, "You'll feel the lick of my whip!"
Pikel barely misses you. The lemure closely misses you.
You miss the lemure.
The lemure is moderately wounded.
Pikel barely misses you.
You hit the lemure.
The lemure is moderately wounded.
The lemure closely misses you. Pikel closely misses you.
You hit the lemure but do no damage.
The lemure is moderately wounded.
The lemure hits you.
Pikel hits you with a +1 whip of electrocution.
You hit the lemure but do no damage.
The lemure is moderately wounded.
The lemure hits you but does no damage. Pikel barely misses you.
This is a scroll of acquirement!
Something appears at your feet! The lemure hits you. Pikel closely misses you.
As you read the scroll labelled VOEJ LANWOEMM, it crumbles to dust.
It is a scroll of amnesia.
You feel forgetful for a moment. The lemure hits you but does no damage.
Pikel hits you but does no damage.
As you read the scroll labelled YDASOATHUM, it crumbles to dust.
You feel strangely unstable.
It was a scroll of teleportation.
The lemure hits you but does no damage.
Pikel hits you with a +1 whip of electrocution!
* * * LOW HITPOINT WARNING * * *
You hit the lemure.
The lemure is heavily wounded.
The lemure hits you.
* * * LOW HITPOINT WARNING * * *
Pikel hits you with a +1 whip of electrocution.
* * * LOW HITPOINT WARNING * * *
You are electrocuted!!
You die...

#....# #....# ##### ...
##...# #...## ## ..#
.###..######....#####.. #.#
## ##....÷.5.5<..[##..# ###
#.# # ###.#..####.#5##..#
#.# #.# .# #.#.......#5##..#
#.# ##.# ##
#.#...#####K##..###.####...
#.#......5@.##..#$...55..5.
#.###..#######..5...####...
#.# ##.## #..#...# ##.# #.#
#.5# #..##### #.# #.#
##.######..#### #.#
#######.#####......5.....###
##.#
.##.....#............#####.#
#..#
.##.#...#.###..###.......#.#
#.## .##.#...#.#
#...##...###.#.###.##


You could see Pikel and 3 lemures.

Vanquished Creatures
  A water moccasin (D:5)
  A lemure (D:5)
  Natasha (twice) (D:2)
  Jessica (D:3)
  Ijyb (D:3)
  An iguana (D:5)
  A hound skeleton (D:3)
  Robin (D:3)
  4 adders
  An ufetubus (D:2)
  A worm (D:3)
  13 orcs
  9 ball pythons
  6 bats
  5 endoplasms
  2 giant cockroaches
  11 goblins
  8 hobgoblins
  6 kobolds
  A quokka (D:4)
  6 frilled lizards
  A giant cockroach zombie (D:3)
  A quokka zombie (D:3)
  4 rats
88 creatures vanquished.

Vanquished Creatures (others)
  4 plants (D:2)
4 creatures vanquished.

Grand Total: 92 creatures vanquished

Notes
Turn   | Place    | Note
-------+----------+-------------------------------------------
     0 | D:1      | BinkBink the Mummy Monk began the quest for the Orb.
     0 | D:1      | Reached XP level 1. HP: 18/18 MP: 1/1
   231 | D:1      | Reached XP level 2. HP: 13/24 MP: 2/2
  1331 | D:2      | Reached XP level 3. HP: 29/29 MP: 3/3
  1357 | D:2      | Found a faded altar of an unknown god.
  1555 | D:2      | Noticed Natasha
  1582 | D:2      | Reached skill level 3 in Short Blades
  1646 | D:2      | Killed Natasha
  1647 | D:2      | Reached skill level 1 in Armour
  1647 | D:2      | Reached XP level 4. HP: 18/35 MP: 4/4
  1760 | D:2      | Noticed Natasha
  1790 | D:2      | Killed Natasha
  2210 | D:3      | Reached XP level 5. HP: 27/41 MP: 5/5
  2440 | D:3      | Found a shadowy altar of Dithmenos.
  2669 | D:3      | Noticed Robin
  2752 | D:3      | Killed Robin
  2982 | D:3      | Noticed Ijyb
  3009 | D:3      | Killed Ijyb
  3239 | D:3      | Noticed Jessica
  3250 | D:3      | Killed Jessica
  3290 | D:3      | Found a basalt altar of Yredelemnul.
  3528 | D:4      | Reached skill level 1 in Spellcasting
  4160 | D:5      | Entered Level 5 of the Dungeon
  4203 | D:5      | Noticed Edmund
  4219 | D:5      | Reached XP level 6. HP: 48/48 MP: 7/7
  4226 | D:5      | Found a large runed translucent door.
  4226 | D:5      | Found a large runed translucent door.
  4229 | D:5      | Noticed paps's ghost (amateur OpDe)
  4260 | D:5      | Found a broken altar of Ashenzari.
  4272 | D:5      | Noticed a water moccasin
  4321 | D:5      | Killed a water moccasin
  4322 | D:5      | Reached skill level 4 in Short Blades
  4620 | D:5      | Found a blossoming altar of Fedhas.
  4657 | D:5      | Noticed Pikel
  4722 | D:5      | Identified a scroll of acquirement
  4722 | D:5      | Acquired 546 gold pieces
  4725 | D:5      | Demolished by Pikel

Illustrated notes

Levels and vault maps discovered:
D:1:      saegor_arrival_simple_b, layout_rooms, chequers_serial_rivers_small_a
D:2:      layout_basic, chequers_ecumenical_altar_lobes, uniq_natasha
D:3:      layout_basic, lemuel_zombie_altar_yredelemnul, lemuel_doored_altar,
          uniq_robin, uniq_jessica, uniq_ijyb
D:4:      layout_cave_pools, serial_column_ruins, column_ruins_hut,
          column_ruins_hut, column_ruins_open_small, column_ruins_grid_1,
          column_ruins_corridor_T, column_ruins_open_small
D:5:      minmay_octagon_keep, layout_basic, nicolae_overflow_crystal_walls,
          evilmike_ruin_ashenzari, ebering_ghost_disaster_area, uniq_pikel,
          uniq_edmund

Skill      XL: |  1  2  3  4  5  6 |
---------------+-------------------+-----
Short Blades   | 3 4 |  4.2
Armour         | 1 2 |  2.1
Dodging        | 3 |  3.5
Spellcasting   | 1 |  1.8
Fighting       | |  3.9
Stealth        | |  1.5

Action                   |  1- 3 |  4- 6 || total
-------------------------+-------+-------++-------
Melee: Short sword       |   131 |   381 ||   512
  Use: Scroll            |       |     4 ||     4
 Stab: Sleeping          |     3 |     3 ||     6
Armor: Robe              |    39 |   155 ||   194
Dodge: Dodged            |    81 |   275 ||   356

Table legend: (Time is in decaauts)
 A = Elapsed time spent in this place.
 B = Non-inter-level travel time spent in this place.
 C = Inter-level travel time spent in this place.
 D = Time resting spent in this place.
 E = Time spent auto-exploring this place.
 F = Levels seen in this place.
 G = Mean time per level.
                   A        B        C        D        E       F      G
               +--------+--------+--------+--------+--------+-----+--------+
         Total |   4701 |   4642 |     59 |      0 |   3665 |   5 |  940.2 |
       Dungeon |   4701 |   4642 |     59 |      0 |   3665 |   5 |  940.2 |
               +--------+--------+--------+--------+--------+-----+--------+

Top non-repeatable levels by time:
     D:3: 1527 daAuts
     D:2: 1090 daAuts
     D:1: 889 daAuts
     D:4: 639 daAuts
     D:5: 555 daAuts
